 Dungeon Crawl Stone Soup version 0.22.1-1-ga44c0e56f4 (webtiles) character file.

126 Nixze the Magician (level 4, -1/24 HPs)
             Began as a Deep Elf Fire Elementalist on Nov 6, 2018.
             Was an Initiate of Vehumet.
             Killed by divine providence
             ... invoked by an orc priest
              (11 damage)
             ... on level 3 of the Dungeon.
             The game lasted 00:04:09 (2844 turns).

Nixze the Magician (Deep Elf Fire Elementalist)     Turns: 2844, Time: 00:04:10

Health: -1/24      AC:  2    Str:  5    XL:     4   Next: 83%
Magic:  7/12       EV: 13    Int: 26    God:    Vehumet [......]
Gold:   160        SH:  0    Dex: 15    Spells: 4/12 levels left

rFire    . . .     SeeInvis .   i - +0 dagger
rCold    . . .     Gourm    .   (no shield)
rNeg     . . .     Faith    .   a - +0 robe
rPois    .         Spirit   .   (no helmet)
rElec    .         Reflect  .   (no cloak)
rCorr    .         Harm     .   (no gloves)
MR       .....                  (no boots)
Stlth    ++........             (no amulet)
HPRegen  0.08/turn              j - +5 ring of intelligence
MPRegen  0.13/turn              (no ring)

@: no status effects
A: no striking features
a: Renounce Religion


You were on level 3 of the Dungeon.
You worshipped Vehumet.
Vehumet was noncommittal.
You were hungry.

You visited 1 branch of the dungeon, and saw 3 of its levels.

You collected 160 gold pieces.

Inventory:

Hand Weapons
 i - a +0 dagger (weapon)
Armour
 a - a +0 robe (worn)
Jewellery
 j - a +5 ring of intelligence (left hand)
Scrolls
 b - a scroll of random uselessness {unknown}
 d - 5 scrolls of remove curse {unknown}
 e - 6 scrolls of identify {unknown}
 f - 3 scrolls of fog {unknown}
 g - a scroll of immolation {unknown}
 l - 2 scrolls of amnesia {unknown}
Potions
 h - 3 potions of curing {unknown}
Comestibles
 c - 4 rations


   Skills:
 - Level 2.4 Dodging
 - Level 2.4 Stealth
 + Level 4.6 Spellcasting
 + Level 3.1 Conjurations
 + Level 4.4 Fire Magic


You had 4 spell levels left.
You knew the following spells:

 Your Spells              Type           Power        Failure   Level  Hunger
a - Flame Tongue          Conj/Fire      ####.        1%          1    None
b - Conjure Flame         Conj/Fire      ####....     4%          3    ##.....
c - Sticky Flame          Conj/Fire      ####....     17%         4    ####...

Your spell library contained the following spells:

 Spells                   Type           Power        Failure   Level  Hunger
 Throw Flame              Conj/Fire      ####..       2%          2    None
 Inner Flame              Hex/Fire       ###.....     10%         3    ##.....
 Fireball                 Conj/Fire      ####......   43%         5    #####..


Dungeon Overview and Level Annotations

Branches:
Dungeon (3/15)

Altars:
Okawaru
Trog
Vehumet
The Shining One

Annotations:
D:3 Sigmund


Message History

Beogh smites you!
Ouch! That really hurt!
Casting: Flame Tongue (safe; 1% risk of failure)
Confirm with . or Enter, or press ? or * to list all spells.
Aiming: Flame Tongue (safe; 1% risk of failure)
Press: ? - help, Shift-Dir - straight line, f - orc
Aim: an orc, wielding a flail The flame tongue hits the orc.
The orc is heavily wounded.
Casting: Flame Tongue (safe; 1% risk of failure)
Confirm with . or Enter, or press ? or * to list all spells.
Aiming: Flame Tongue (safe; 1% risk of failure)
Press: ? - help, Shift-Dir - straight line, f/p - orc
Aim: an orc, wielding a flail (heavily wounded)
The flame tongue hits the orc.
You kill the orc!
Vehumet accepts your kill.
The orc priest mumbles some strange prayers to Beogh against you.
Beogh smites you!
You die...

#### #... #.## ##+## #.#
##...## #.## ##.....##
#... ### ##.......##
###.
.....####.........####..
....o.)@'.........'.....
.#...####.........####..
## ##.......## ##.
##.....## #. ##...## #.
#######'## #. ##...###.#
#. ##.#####.###.##.# #.
........## ##.#.## #.


You could see an orc priest.

Vanquished Creatures
  Jessica (D:3)
  3 adders
  3 worms
  4 dart slugs
  4 orcs (D:3)
  3 ball pythons (D:1)
  9 bats
  A giant cockroach (D:3)
  4 goblins
  5 hobgoblins
  6 kobolds
  4 frilled lizards
  7 rats
54 creatures vanquished.

Vanquished Creatures (others)
  A dart slug (D:2)
1 creature vanquished.

Grand Total: 55 creatures vanquished

Notes
Turn   | Place    | Note
-------+----------+-------------------------------------------
     0 | D:1      | Nixze the Deep Elf Fire Elementalist began the quest for
                  | the Orb.
     0 | D:1      | Reached XP level 1. HP: 10/10 MP: 6/6
   354 | D:1      | Reached XP level 2. HP: 15/15 MP: 6/8
   415 | D:1      | Found a glowing golden altar of the Shining One.
  1023 | D:2      | Reached XP level 3. HP: 19/19 MP: 8/10
  1064 | D:2      | Learned a level 3 spell: Conjure Flame
  1117 | D:2      | Found a radiant altar of Vehumet.
  1137 | D:2      | Became a worshipper of Vehumet
  1613 | D:2      | Found a bloodstained altar of Trog.
  2127 | D:3      | Reached XP level 4. HP: 24/24 MP: 10/12
  2138 | D:3      | Noticed Jessica
  2141 | D:3      | Killed Jessica
  2250 | D:3      | Learned a level 4 spell: Sticky Flame
  2252 | D:3      | Found an iron altar of Okawaru.
  2256 | D:3      | Noticed Sigmund
  2844 | D:3      | Killed from afar by an orc priest

Skill      XL: |  1  2  3  4 |
---------------+-------------+-----
Conjurations   | 2 3 |  3.1
Spellcasting   | 4 |  4.6
Fire Magic     | 4 |  4.4
Dodging        | |  2.4
Stealth        | |  2.4

Action                   |  1- 3 |  4- 6 || total
-------------------------+-------+-------++-------
 Cast: Flame Tongue      |    73 |    19 ||    92
  Eat: Chunk             |     3 |     2 ||     5
Armor: Robe              |     3 |       ||     3
Dodge: Dodged            |    11 |     1 ||    12
